MLB
SEATTLE MARINERS @ TORONTO BLUE JAYS
09/17/2044
 
TOP OF THE 1ST
Seattle Mariners batting - Pitching for Toronto Blue Jays : RHP Timo Lantinga
Pitching: RHP Timo Lantinga
Batting: RHB Jose Vasquez 0-0: Called Strike
0-1: Called Strike
0-2: Fly out, F7 (Flyball, 7, EV 88.8 MPH)
Batting: LHB Dae-ik Yoon 0-0: Ball
1-0: Foul Ball, location: 2F
1-1: Foul Ball, location: 2F
1-2: SINGLE (Groundball, 5S, EV 63.8 MPH) (infield hit)
Batting: SHB Floyd-William Goof 0-0: Ball
1-0: Foul Ball, location: 2F
1-1: Ball
2-1: Called Strike
2-2: Strikes out swinging
Batting: SHB Tze-meng Gan 0-0: Ball
1-0: Called Strike
1-1: Swinging Strike
1-2: Ball
2-2: Foul Ball, location: 2F
2-2: Reaches on Catchers interference
Dae-ik Yoon to second
Batting: LHB John Zumbo 0-0: Ball
1-0: DOUBLE (Groundball, 3L, EV 103.8 MPH)
Dae-ik Yoon scores
Tze-meng Gan to third
Batting: RHB Steve Bartman Jr. 0-0: Ball
1-0: Fly out, F9 (Flyball, 9D, EV 96.9 MPH)
Top of the 1st over - 1 run, 2 hits, 1 error, 2 left on base; Seattle 1 - Toronto 0
BOTTOM OF THE 1ST
Toronto Blue Jays batting - Pitching for Seattle Mariners : RHP Yuri Bijleveld
Pitching: RHP Yuri Bijleveld
Batting: LHB Michael Byrd 0-0: Ball
1-0: Swinging Strike
1-1: Fly out, F6 (Popup, 6MD, EV 68.1 MPH)
Batting: LHB Jon Schick 0-0: Ground out 5-3 (Groundball, 6, EV 102.5 MPH)
Batting: RHB Ruben Velasco 0-0: Ball
1-0: Foul Ball, location: 2F
1-1: Foul Ball, location: 2F
1-2: Fly out, F8 (Line Drive, 8RM, EV 88.1 MPH)
Bottom of the 1st over - 0 runs, 0 hits, 0 errors, 0 left on base; Seattle 1 - Toronto 0
TOP OF THE 2ND
Seattle Mariners batting - Pitching for Toronto Blue Jays : RHP Timo Lantinga
Batting: RHB Corey Ottinger 0-0: Called Strike
0-1: Swinging Strike
0-2: Strikes out swinging
Batting: RHB Jonathan Rangel 0-0: Swinging Strike
0-1: Ball
1-1: Foul Ball, location: 2F
1-2: Foul Ball, location: 2F
1-2: Strikes out swinging
Batting: SHB Nelson Powell 0-0: SINGLE (Groundball, 56D, EV 108.8 MPH)
Batting: RHB Jose Vasquez 0-0: Called Strike
0-1: Ball
1-1: Ball
2-1: Ground out 5-3 (Groundball, 5S, EV 85.0 MPH)
Top of the 2nd over - 0 runs, 1 hit, 0 errors, 1 left on base; Seattle 1 - Toronto 0
BOTTOM OF THE 2ND
Toronto Blue Jays batting - Pitching for Seattle Mariners : RHP Yuri Bijleveld
Batting: RHB Kirk Arp 0-0: Ground out 4-3 (Groundball, 6M, EV 80.6 MPH)
Batting: SHB Zory Larikov 0-0: Called Strike
0-1: Ball
1-1: Fly out, F7 (Flyball, 7, EV 98.1 MPH)
Batting: RHB Shigem Kubo 0-0: Ball
1-0: Ball
2-0: Foul Ball, location: 2F
2-1: Swinging Strike
2-2: Foul Ball, location: 2F
2-2: Strikes out swinging
Bottom of the 2nd over - 0 runs, 0 hits, 0 errors, 0 left on base; Seattle 1 - Toronto 0
TOP OF THE 3RD
Seattle Mariners batting - Pitching for Toronto Blue Jays : RHP Timo Lantinga
Batting: LHB Dae-ik Yoon 0-0: Called Strike
0-1: Ball
1-1: Foul Ball, location: 2F
1-2: Strikes out swinging
Batting: SHB Floyd-William Goof 0-0: Ball
1-0: Ground out 1-3 (Groundball, 15S, EV 73.1 MPH)
Batting: SHB Tze-meng Gan 0-0: Called Strike
0-1: Foul Ball, location: 2F
0-2: Foul Ball, location: 2F
0-2: Foul Ball, location: 2F
0-2: Foul Ball, location: 2F
0-2: Ball
1-2: Ball
2-2: Ball
3-2: Strikes out looking
Top of the 3rd over - 0 runs, 0 hits, 0 errors, 0 left on base; Seattle 1 - Toronto 0
BOTTOM OF THE 3RD
Toronto Blue Jays batting - Pitching for Seattle Mariners : RHP Yuri Bijleveld
Batting: LHB Gabe White 0-0: Called Strike
0-1: Ball
1-1: Ball
2-1: Foul Ball, location: 2F
2-2: SOLO HOME RUN (Flyball, 9D, EV 98.8 MPH), Distance : 368 ft
Batting: RHB Tommy Mize 0-0: Ground out 4-3 (Groundball, 4, EV 88.8 MPH)
Batting: SHB Matt Altieri 0-0: Ball
1-0: Ball
2-0: Foul Ball, location: 2F
2-1: Foul Ball, location: 2F
2-2: Ball
3-2: SOLO HOME RUN (Flyball, 7LD, EV 96.2 MPH), Distance : 355 ft
Batting: LHB Michael Byrd 0-0: Called Strike
0-1: SOLO HOME RUN (Flyball, 7D, EV 99.4 MPH), Distance : 369 ft
Batting: LHB Jon Schick 0-0: Foul Ball, location: 2F
0-1: Ball
1-1: Swinging Strike
1-2: Ball
2-2: Strikes out swinging
Batting: RHB Ruben Velasco 0-0: Ball
1-0: Foul Ball, location: 2F
1-1: Ball
2-1: Foul Ball, location: 2F
2-2: Foul Ball, location: 2F
2-2: Foul Ball, location: 2F
2-2: Ball
3-2: Foul Ball, location: 2F
3-2: Foul Ball, location: 2F
3-2: Foul Ball, location: 2F
3-2: Fly out, F7 (Flyball, 7D, EV 98.1 MPH)
Bottom of the 3rd over - 3 runs, 3 hits, 0 errors, 0 left on base; Seattle 1 - Toronto 3
TOP OF THE 4TH
Seattle Mariners batting - Pitching for Toronto Blue Jays : RHP Timo Lantinga
Batting: LHB John Zumbo 0-0: Called Strike
0-1: Called Strike
0-2: Foul Ball, location: 2F
0-2: Ball
1-2: Foul Ball, location: 2F
1-2: Ball
2-2: DOUBLE (Flyball, 7LD, EV 115.6 MPH)
Batting: RHB Steve Bartman Jr. 0-0: Ball
1-0: Ball
2-0: Ball
3-0: Called Strike
3-1: Foul Ball, location: 2F
3-2: SINGLE (Groundball, 56D, EV 101.2 MPH) (infield hit)
John Zumbo to third
Batting: RHB Corey Ottinger 0-0: Called Strike
0-1: Ball
1-1: Ball
2-1: Fly out, F8 (Flyball, 8RM, EV 88.8 MPH)
Runner from 3rd tags up, SCORES, throw by CF
Batting: RHB Jonathan Rangel 0-0: Ball
Steve Bartman Jr. is caught stealing 2nd base 2-4
1-0: Ball
2-0: Called Strike
2-1: Ground out U3 (Groundball, 34, EV 91.2 MPH)
Top of the 4th over - 1 run, 2 hits, 0 errors, 0 left on base; Seattle 2 - Toronto 3
BOTTOM OF THE 4TH
Toronto Blue Jays batting - Pitching for Seattle Mariners : RHP Yuri Bijleveld
Batting: RHB Kirk Arp 0-0: Called Strike
0-1: Fly out, F8 (Flyball, 8RXD, EV 92.5 MPH)
Batting: SHB Zory Larikov 0-0: Foul Ball, location: 2F
0-1: Called Strike
0-2: Foul Ball, location: 2F
0-2: SINGLE (Groundball, 34D, EV 98.8 MPH)
Batting: RHB Shigem Kubo 0-0: Ball
1-0: Ball
2-0: Foul Ball, location: 2F
2-1: Called Strike
2-2: Foul Ball, location: 2F
2-2: Foul Ball, location: 2F
2-2: Fly out, F9 (Flyball, 89S, EV 85.0 MPH)
Batting: LHB Gabe White 0-0: Ball
1-0: Ball
2-0: Ball
3-0: Called Strike
3-1: Called Strike
3-2: Foul Ball, location: 2F
3-2: SINGLE (Groundball, 34S, EV 65.0 MPH) (infield hit)
Zory Larikov to second
Batting: RHB Tommy Mize 0-0: Called Strike
0-1: Called Strike
0-2: Ball
1-2: Ball
2-2: Strikes out looking
Bottom of the 4th over - 0 runs, 2 hits, 0 errors, 2 left on base; Seattle 2 - Toronto 3
TOP OF THE 5TH
Seattle Mariners batting - Pitching for Toronto Blue Jays : RHP Timo Lantinga
Batting: SHB Nelson Powell 0-0: Ball
1-0: Swinging Strike
1-1: Called Strike
1-2: Fly out, F4 (Popup, 4S, EV 68.1 MPH)
Batting: RHB Jose Vasquez 0-0: Fly out, F4 (Popup, 23, EV 83.8 MPH)
Batting: LHB Dae-ik Yoon 0-0: Swinging Strike
0-1: Ground out U3 (Groundball, 3S, EV 80.6 MPH)
Top of the 5th over - 0 runs, 0 hits, 0 errors, 0 left on base; Seattle 2 - Toronto 3
BOTTOM OF THE 5TH
Toronto Blue Jays batting - Pitching for Seattle Mariners : RHP Yuri Bijleveld
Batting: SHB Matt Altieri 0-0: Bunted foul
0-1: Ball
1-1: Ball
2-1: Ball
3-1: Base on Balls
Pitching: RHP T.J. Balko
Batting: LHB Michael Byrd 0-0: Ball
1-0: SINGLE (Line Drive, 8RS, EV 101.2 MPH)
Matt Altieri to second
Runner from 2nd tries for 3rd, SAFE, throw by CF made to third
Batting: LHB Jon Schick 0-0: Ball
1-0: Foul Ball, location: 2F
1-1: Fielders Choice at 2nd, 4-6 (Groundball, 4, EV 82.5 MPH)
Matt Altieri scores
Batting: RHB Ruben Velasco 0-0: Called Strike
0-1: Called Strike
0-2: SINGLE (Groundball, 56D, EV 103.8 MPH)
Jon Schick to second
Batting: RHB Kirk Arp 0-0: Ball
Jon Schick steals 3rd base
Ruben Velasco to second
1-0: Fly out, F8 (Flyball, 8LS, EV 92.5 MPH)
Batting: SHB Zory Larikov 0-0: Ball
1-0: Swinging Strike
1-1: Foul Ball, location: 2F
1-2: Ball
2-2: SINGLE (Groundball, 4M, EV 100.6 MPH) (infield hit)
Jon Schick scores
Ruben Velasco to third
Batting: RHB Shigem Kubo 0-0: Foul Ball, location: 2F
0-1: Ball
1-1: Fly out, F7 (Flyball, 7S, EV 74.4 MPH)
Bottom of the 5th over - 2 runs, 3 hits, 0 errors, 2 left on base; Seattle 2 - Toronto 5
TOP OF THE 6TH
Seattle Mariners batting - Pitching for Toronto Blue Jays : RHP Timo Lantinga
Batting: SHB Floyd-William Goof 0-0: Ball
1-0: Ball
2-0: Called Strike
2-1: SINGLE (Line Drive, 4M, EV 96.2 MPH)
Batting: SHB Tze-meng Gan 0-0: Foul Ball, location: 2F
0-1: Fly out, F7 (Flyball, 7S, EV 91.9 MPH)
Batting: LHB John Zumbo 0-0: Ball
1-0: Called Strike
1-1: Fielders Choice at 2nd, 4-6 (Groundball, 4D, EV 105.0 MPH)
Batting: RHB Steve Bartman Jr. 0-0: Foul Ball, location: 2F
0-1: SINGLE (Line Drive, 6D, EV 94.4 MPH)
John Zumbo to second
Batting: RHB Corey Ottinger 0-0: Called Strike
0-1: Ball
1-1: Ball
2-1: Fly out, F8 (Flyball, 89D, EV 98.1 MPH)
Top of the 6th over - 0 runs, 2 hits, 0 errors, 2 left on base; Seattle 2 - Toronto 5
BOTTOM OF THE 6TH
Toronto Blue Jays batting - Pitching for Seattle Mariners : RHP T.J. Balko
Batting: LHB Gabe White 0-0: DOUBLE (Line Drive, 89XD, EV 100.0 MPH)
Batting: RHB Tommy Mize 0-0: Ground out 4-3 (Groundball, 4S, EV 83.1 MPH)
Gabe White to third
Batting: SHB Matt Altieri 0-0: Called Strike
0-1: Fly out, F8 (Flyball, 78M, EV 92.5 MPH)
Runner from 3rd tags up, OUT at HOME! 8-2
Bottom of the 6th over - 0 runs, 1 hit, 0 errors, 0 left on base; Seattle 2 - Toronto 5
TOP OF THE 7TH
Seattle Mariners batting - Pitching for Toronto Blue Jays : RHP Timo Lantinga
Batting: RHB Jonathan Rangel 0-0: Ball
1-0: Swinging Strike
1-1: Ball
2-1: SINGLE (Flyball, 89S, EV 86.9 MPH)
Batting: SHB Nelson Powell 0-0: Called Strike
0-1: Called Strike
0-2: Ball
1-2: Ball
2-2: Strikes out looking
Batting: RHB Jose Vasquez 0-0: Ball
1-0: Ball
2-0: Swinging Strike
2-1: Foul Ball, location: 2F
2-2: Fly out, F6 (Line Drive, 6, EV 60.6 MPH)
Batting: LHB Dae-ik Yoon 0-0: Called Strike
0-1: Foul Ball, location: 2F
0-2: Ball
Jonathan Rangel is caught stealing 2nd base 2-6
Top of the 7th over - 0 runs, 1 hit, 0 errors, 0 left on base; Seattle 2 - Toronto 5
BOTTOM OF THE 7TH
Toronto Blue Jays batting - Pitching for Seattle Mariners : RHP T.J. Balko
Pitching: RHP William de Jesus
Batting: LHB Michael Byrd 0-0: Ball
1-0: SINGLE (Line Drive, 34D, EV 98.8 MPH)
Batting: LHB Jon Schick 0-0: Foul Ball, location: 2F
0-1: Foul Ball, location: 2F
0-2: Grounds into double play, 4-6-3 (Groundball, 4S, EV 76.9 MPH)
Batting: RHB Ruben Velasco 0-0: Swinging Strike
0-1: Ball
1-1: Foul Ball, location: 2F
1-2: Strikes out swinging
Bottom of the 7th over - 0 runs, 1 hit, 0 errors, 0 left on base; Seattle 2 - Toronto 5
TOP OF THE 8TH
Seattle Mariners batting - Pitching for Toronto Blue Jays : RHP Timo Lantinga
Pitching: LHP Katsumi Omura
Batting: LHB Dae-ik Yoon 0-0: Called Strike
0-1: Called Strike
0-2: Foul Ball, location: 2F
0-2: Foul Ball, location: 2F
0-2: Ground out 6-3 (Groundball, 6, EV 103.8 MPH)
Batting: SHB Floyd-William Goof 0-0: Ball
1-0: Ball
2-0: Called Strike
2-1: Ball
3-1: Base on Balls
Batting: SHB Tze-meng Gan 0-0: Called Strike
0-1: Ball
1-1: Ball
2-1: Ball
3-1: Swinging Strike
3-2: Strikes out swinging
Batting: LHB John Zumbo 0-0: Foul Ball, location: 2F
0-1: Ball
1-1: Called Strike
1-2: Ball
2-2: DOUBLE (Flyball, 8RXD, EV 100.6 MPH)
Floyd-William Goof to third
Batting: RHB Steve Bartman Jr. 0-0: DOUBLE (Line Drive, 7LM, EV 108.1 MPH)
Floyd-William Goof scores
John Zumbo scores
Batting: RHB Corey Ottinger 0-0: Ball
1-0: Ground out 6-3 (Groundball, 6, EV 101.2 MPH)
Top of the 8th over - 2 runs, 2 hits, 0 errors, 1 left on base; Seattle 4 - Toronto 5
BOTTOM OF THE 8TH
Toronto Blue Jays batting - Pitching for Seattle Mariners : RHP William de Jesus
Batting: RHB Kirk Arp 0-0: Called Strike
0-1: Ground out 5-3 (Groundball, 56, EV 84.4 MPH)
Batting: SHB Zory Larikov 0-0: Called Strike
0-1: Fly out, F9 (Flyball, 9S, EV 94.4 MPH)
Batting: RHB Shigem Kubo 0-0: Ball
1-0: Foul Ball, location: 2F
1-1: Ball
2-1: Ball
3-1: Base on Balls
Batting: LHB Gabe White 0-0: Ball
1-0: Called Strike
1-1: Fielders Choice at 2nd, 5-4 (Groundball, 56, EV 84.4 MPH)
Bottom of the 8th over - 0 runs, 0 hits, 0 errors, 1 left on base; Seattle 4 - Toronto 5
TOP OF THE 9TH
Seattle Mariners batting - Pitching for Toronto Blue Jays : LHP Katsumi Omura
Pitching: RHP J.J. Thompson
Batting: RHB Jonathan Rangel 0-0: Called Strike
0-1: Foul Ball, location: 2F
0-2: Foul Ball, location: 2F
0-2: Ball
1-2: Foul Ball, location: 2F
1-2: Strikes out swinging
Batting: SHB Nelson Powell 0-0: Called Strike
0-1: Called Strike
0-2: Strikes out looking
Batting: RHB Jose Vasquez 0-0: Ball
1-0: Ball
2-0: Foul Ball, location: 2F
2-1: Swinging Strike
2-2: Strikes out looking
Top of the 9th over - 0 runs, 0 hits, 0 errors, 0 left on base; Seattle 4 - Toronto 5
Thursday, March 31st , 2022 - OOTP Baseball 22.12 Build 89